 Dungeon Crawl Stone Soup version 0.20.0-8-g6b59dc7 (webtiles) character file.

5205 Chiseanne the Fighter (level 10, -26/85 HPs)
             Began as a Demonspawn Wanderer on May 30, 2017.
             Was a Believer of Makhleb.
             Killed by the air
             ... invoked by Gastronok
              (32 damage)
             ... on level 8 of the Dungeon.
             The game lasted 00:21:42 (7393 turns).

Chiseanne the Fighter (Demonspawn Wanderer)         Turns: 7393, Time: 00:21:42

Health: -26/85     AC: 12    Str: 15    XL:     10   Next: 35%
Magic:  0/10       EV: 17    Int: 17    God:    Makhleb [**....]
Gold:   132        SH:  0    Dex: 13    Spells: 9/9 levels left

rFire    + . .     SeeInvis .   s - +4 quarterstaff (chaos)
rCold    . . .     Gourm    .   (shield currently unavailable)
rNeg     . . .     Faith    .   y - +1 ring mail of the Shore {Str+3} (curse)
rPois    .         Spirit   +   (helmet restricted)
rElec    .         Reflect  .   m - +1 cloak
rCorr    .         Harm     .   r - +0 pair of gloves
MR       .....                  q - +0 pair of boots
Stlth    ++........             p - amulet of guardian spirit
Regen    0.3/turn               (no ring)
MPRegen  0.2/turn               (no ring)

@: slowed, very slow
A: antennae 1, repulsion field 1, fire resistance 1, powered by death 3
a: Minor Destruction, Renounce Religion


You were on level 8 of the Dungeon.
You worshipped Makhleb.
Makhleb was pleased with you.
You were hungry.

You visited 2 branches of the dungeon, and saw 9 of its levels.
You also visited: Sewer.

You collected 357 gold pieces.
You spent 225 gold pieces at shops.

Inventory:

Hand Weapons
 a - a +1 dagger of venom
 s - a +4 quarterstaff of chaos (weapon)
 u - a +0 blowgun
 v - a +0 broad axe
Missiles
 d - 348 stones (quivered)
 i - 93 arrows
 t - 43 poisoned needles
 F - 20 bolts
Armour
 m - a +1 cloak (worn)
 q - a +0 pair of boots (worn)
 r - a +0 pair of gloves (worn)
 y - the cursed +1 ring mail of the Shore (worn) {Str+3}
   (You bought it in a shop on level 5 of the Dungeon)

   It affects your strength (+3).
   It has a curse placed upon it.
Magical Staves
 z - an uncursed staff of wizardry {unknown}
Jewellery
 c - a +4 amulet of reflection
 p - an amulet of guardian spirit (around neck)
 H - a +5 ring of intelligence {unknown}
Wands
 b - a wand of paralysis (9/24)
 D - a wand of lightning (5/15)
 E - a wand of iceblast (8/15)
 G - a wand of clouds (3/9)
Scrolls
 k - 6 scrolls of teleportation
 o - 2 scrolls of enchant armour
 x - 2 scrolls of fog
 B - a scroll of identify
 I - 2 scrolls of remove curse
Potions
 g - a potion of curing
 h - 4 potions of brilliance
 A - a potion of resistance
Books
 e - a book of Changes

   Spells                             Type                      Level
   a - Beastly Appendage              Transmutation                1
   b - Sticks to Snakes               Transmutation                2
   c - Spider Form                    Transmutation/Poison         3
   d - Ice Form                       Ice/Transmutation            4
   e - Blade Hands                    Transmutation                5
 l - a book of Minor Magic

   Spells                             Type                      Level
   a - Magic Dart                     Conjuration                  1
   b - Blink                          Translocation                2
   c - Call Imp                       Summoning                    2
   d - Slow                           Hexes                        2
   e - Conjure Flame                  Conjuration/Fire             3
   f - Mephitic Cloud                 Conjuration/Poison/Air       3
Comestibles
 f - 5 bread rations
 j - 16 fruits
 n - 6 royal jellies
 C - 2 meat rations


   Skills:
 * Level 9.9 Fighting
   Level 1.0 Long Blades
 * Level 8.2 Armour
 * Level 7.9 Dodging
 - Level 3.6 Stealth


You had 9 spell levels left.
You didn't know any spells.

Dungeon Overview and Level Annotations

Branches:
Dungeon (8/15)             Temple (1/1) D:5
   Lair: D:8-11

Altars:
Ashenzari
Cheibriados
Dithmenos
Elyvilon
Fedhas
Gozag
Hepliaklqana
Kikubaaqudgha
Makhleb
Nemelex Xobeh
Qazlal
Sif Muna
Trog
Uskayaw
Vehumet
Xom
Yredelemnul
Zin
The Shining One

Shops:
D:5 [

Portals:
Bailey: D:8

Annotations:
D:8 Gastronok


Innate Abilities, Weirdness & Mutations

You have a pair of small antennae on your head.
You are surrounded by a mild repulsion field. (EV +2)
Your flesh is heat resistant. (rF+)
You regenerate a lot of health from kills.


Message History

You closely miss something.
You hear the faint creaking of a portcullis.
The adder completely misses you.
The howler monkey completely misses you.
The adder bites you. The howler monkey closely misses you. Something bites you!
* * * LOW HITPOINT WARNING * * *
The adder closely misses you.
The howler monkey hits you but does no damage.
The howler monkey hits you!
* * * LOW HITPOINT WARNING * * *
Something bites you!
* * * LOW HITPOINT WARNING * * *
The howler monkey hoots and howls with incredible vigour!
The adder bites you.
* * * LOW HITPOINT WARNING * * *
You hear a shout! x2; You hear an angry hiss.
You hear a shout!
The adder completely misses you. The adder barely misses you.
The adder closely misses you. The air twists around and strikes you!
You die...

*,,,,***** *,,,,,,,,*
******* *,,,,,,,,* *,,,,,*
*,,,,,,,,* *,,,,,,
**,,,,,,,,********,,,,,,
*,,,,,,,,,,,,,,,,,,,,,,,
*,,,,,######******,,,,,*
*,****#....#*,,,,,,,,,,*
#.* #@#*,**,#**,,,,,,* #.*
#S#,,,*.# *,,*****
###.#####h#,**#.##*,,*
#.......#.#,,....#*,,* ***
#..>....{.###....**,,***,,
#......[.........,<,,**,,,
#...........#.#.#.#*,**,,,
#.......)..........,,,*,,,
#......)∩)..#####.#*,,****


You could see a howler monkey and an adder.

Vanquished Creatures
  An unseen horror (D:7)
  Pikel (D:6)
  Prince Ribbit (D:5)
  Grinder (D:4)
  2 hippogriffs (D:7)
  Sigmund (D:2)
  A human (D:7)
  4 hogs (D:7)
  The ghost of newuser the Poker, an amateur MfGl of Makhleb (D:3)
  Menkaure (D:5)
  An orc warrior (D:7)
  A slave (D:6)
  A phantom (D:6)
  2 sky beasts (D:6)
  2 ogres
  A centaur (D:7)
  4 big kobolds (Sewer)
  4 bullfrogs (D:6)
  3 wights (D:6)
  A vampire bat (D:7)
  3 howler monkeys (D:7)
  4 crimson imps
  A hound (D:3)
  Crazy Yiuf (D:2)
  9 orc wizards
  4 orc priests
  2 iguanas
  2 worker ants
  2 hound skeletons (D:7)
  A howler monkey skeleton (D:6)
  13 adders
  9 gnolls
  2 shadow imps
  5 oozes
  3 worms (Sewer)
  2 dart slugs (D:2)
  3 leopard geckos
  19 orcs
  8 ball pythons
  15 bats
  6 giant cockroaches
  8 goblins
  6 hobgoblins
  4 jackals (D:1)
  13 kobolds
  5 quokkas
  5 frilled lizards
  8 rats
197 creatures vanquished.

Vanquished Creatures (others)
  A wizard (D:3)
  A slave (D:6)
  An ogre (D:6)
  A centaur (D:6)
  2 orc wizards (D:6)
  3 orcs (D:6)
9 creatures vanquished.

Grand Total: 206 creatures vanquished

Notes
Turn   | Place    | Note
-------+----------+-------------------------------------------
     0 | D:1      | Chiseanne the Demonspawn Wanderer began the quest for the Orb.
     0 | D:1      | Chiseanne set off with: a +2 dagger, a potion of berserk rage, a +0 ring mail, a +0 falchion, a bread ration
     0 | D:1      | Reached XP level 1. HP: 19/19 MP: 1/1
   196 | D:1      | You fall through a shaft!
   205 | D:2      | Gained mutation: You regenerate a little health from kills. [demonic ancestry]
   205 | D:2      | Reached XP level 2. HP: 24/25 MP: 2/2
   292 | D:2      | Reached skill level 1 in Dodging
   406 | D:1      | Gained mutation: You are surrounded by a mild repulsion field. (EV +2) [demonic ancestry]
   406 | D:1      | Reached XP level 3. HP: 22/31 MP: 3/3
  1657 | D:2      | Noticed Sigmund
  1673 | D:2      | Killed Sigmund
  1673 | D:2      | Reached skill level 5 in Fighting
  1673 | D:2      | Gained mutation: Your flesh is heat resistant. (rF+) [demonic ancestry]
  1673 | D:2      | Reached XP level 4. HP: 25/39 MP: 4/4
  1673 | D:2      | Gained mutation: You have a pair of small antennae on your head. [demonic ancestry]
  1673 | D:2      | Reached XP level 5. HP: 28/44 MP: 5/5
  1912 | D:2      | Found a runed door.
  2183 | D:2      | Noticed Crazy Yiuf
  2192 | D:2      | Killed Crazy Yiuf
  2192 | D:2      | Reached XP level 6. HP: 51/51 MP: 6/6
  2567 | D:3      | Noticed newuser's ghost (amateur MfGl)
  2591 | D:3      | Killed newuser's ghost
  3060 | D:3      | Found a bloodstained altar of Trog.
  3063 | D:3      | Noticed a wizard
  3069 | D:3      | Killed a wizard
  3272 | D:4      | Reached XP level 7. HP: 57/57 MP: 7/7
  3307 | D:4      | Reached skill level 6 in Fighting
  3462 | D:4      | Noticed Grinder
  3473 | D:4      | Paralysed by Grinder for 6 turns
  3492 | D:4      | Killed Grinder
  3817 | D:5      | Entered Level 5 of the Dungeon
  4002 | D:5      | Noticed Menkaure
  4015 | D:5      | Killed Menkaure
  4015 | D:5      | Reached skill level 5 in Armour
  4015 | D:5      | Gained mutation: You regenerate health from kills. [demonic ancestry]
  4015 | D:5      | Reached XP level 8. HP: 46/65 MP: 8/8
  4089 | D:5      | Found a glowing drain.
  4095 | D:5      | Found Echum's Antique Armour Boutique.
  4100 | Sewer    | Entered a sewer
  4139 | Sewer    | Reached skill level 7 in Fighting
  4244 | Sewer    | Reached skill level 5 in Dodging
  4778 | D:5      | Bought an encrusted ring mail for 225 gold pieces
  4811 | D:5      | Noticed Prince Ribbit
  4824 | D:5      | Killed Prince Ribbit
  5068 | D:5      | Found a staircase to the Ecumenical Temple.
  5140 | Temple   | Entered the Ecumenical Temple
  5288 | Temple   | Became a worshipper of Makhleb the Destroyer
  5346 | D:6      | Found a hazy altar of Hepliaklqana.
  5449 | D:6      | Found a white marble altar of Elyvilon.
  5511 | D:6      | Noticed Pikel
  5518 | D:6      | Found a shimmering altar of Xom.
  5541 | D:6      | Killed Pikel
  5541 | D:6      | Reached skill level 8 in Fighting
  5541 | D:6      | Gained mutation: You regenerate a lot of health from kills. [demonic ancestry]
  5541 | D:6      | Reached XP level 9. HP: 71/74 MP: 9/9
  5687 | D:6      | Identified the cursed +1 ring mail of the Shore {Str+3} (You bought it in a shop on level 5 of the Dungeon)
  5796 | D:6      | Reached * piety under Makhleb
  6454 | D:7      | Reached skill level 9 in Fighting
  6614 | D:7      | Reached XP level 10. HP: 57/83 MP: 7/10
  6743 | D:7      | Killed an unseen horror
  7043 | D:7      | Reached ** piety under Makhleb
  7070 | D:7      | Found a stormy altar of Qazlal.
  7321 | D:8      | Found a flagged portal.
  7323 | D:8      | Noticed Gastronok
  7393 | D:8      | Killed from afar by Gastronok

Skill      XL: |  1  2  3  4  5  6  7  8  9 10 |
---------------+-------------------------------+-----
Dodging        | 1 2 3 4 6 7 |  7.9
Armour         | 3 4 5 6 7 8 |  8.2
Fighting       | 5 6 8 9 |  9.9
Long Blades    | |  1.0
Stealth        | |  3.6

Action                   |  1- 3 |  4- 6 |  7- 9 | 10-12 || total
-------------------------+-------+-------+-------+-------++-------
Melee: Dagger            |   169 |    25 |    32 |       ||   226
       Quarterstaff      |       |    79 |   345 |   128 ||   552
Throw: Stone             |       |       |     2 |       ||     2
Evoke: Wand              |       |       |     3 |       ||     3
  Use: Scroll            |     1 |     9 |    10 |     1 ||    21
       Potion            |       |     2 |       |     2 ||     4
 Stab: Sleeping          |     3 |       |       |       ||     3
       Paralysed         |       |       |     1 |       ||     1
  Eat: Chunk             |     3 |     5 |    12 |     2 ||    22
Armor: Scale mail        |    72 |    40 |   117 |       ||   229
       Ring mail         |       |       |    30 |    67 ||    97
Dodge: Dodged            |    92 |    51 |   254 |   145 ||   542
Block: Other             |    17 |    21 |    53 |       ||    91
